 Dungeon Crawl Stone Soup version 0.23.1 (webtiles) character file.

Game seed: 3983265266297256487

151 Marnok the Skirmisher (level 5, -2/47 HPs)
             Began as a Minotaur Fighter on Mar 14, 2019.
             Killed from afar by an orc wizard (11 damage)
             ... with a puff of frost
             ... on level 4 of the Dungeon.
             The game lasted 00:06:16 (1262 turns).

Marnok the Skirmisher (Minotaur Fighter)            Turns: 1262, Time: 00:06:17

Health: -2/47      AC:  7    Str: 22    XL:     5   Next: 11%
Magic:  4/4        EV:  8    Int:  5    God:
Gold:   42         SH:  9    Dex:  9    Spells: 4/4 levels left

rFire    . . .     SeeInvis .   a - +0 war axe
rCold    . . .     Gourm    .   c - +0 shield
rNeg     . . .     Faith    .   b - +0 scale mail
rPois    .         Spirit   .   (helmet restricted)
rElec    .         Reflect  .   (no cloak)
rCorr    .         Harm     .   (no gloves)
MR       .....                  (no boots)
Stlth    ..........             (no amulet)
HPRegen  0.15/turn              (no ring)
MPRegen  0.09/turn              (no ring)

@: lethally poisoned (-2 -> -52)
A: retaliatory headbutt, horns 2
a: no special abilities


You were on level 4 of the Dungeon.
You were not hungry.

You visited 1 branch of the dungeon, and saw 4 of its levels.

You collected 42 gold pieces.

Inventory:

Hand Weapons
 a - a +0 war axe (weapon)
Armour
 b - a +0 scale mail (worn)
 c - a +0 shield (worn)
Scrolls
 k - a scroll of enchant armour {unknown}
Potions
 d - a potion of might
 m - a potion of mutation {unknown}
 n - a potion of flight {unknown}
 o - 3 potions of curing
 p - a potion of resistance {unknown}
 q - a potion of magic {unknown}
Comestibles
 f - 3 rations
 l - 3 chunks of flesh


   Skills:
 + Level 4.5 Fighting
 + Level 4.4 Axes
 + Level 4.4 Armour
 + Level 0.9 Dodging
 + Level 4.4 Shields


You had 4 spell levels left.
You didn't know any spells.
Your spell library was empty.

Dungeon Overview and Level Annotations

Branches:
Dungeon (4/15)
 Temple: D:4-7

Altars:
Vehumet


Innate Abilities, Weirdness & Mutations

You reflexively headbutt those who attack you in melee.
You have a pair of horns on your head.


Message History

You miss something. You headbutt something. You barely miss the orc.
You feel very sick. Something hits you but does no damage.
You are more poisoned.
The orc hits you. Something hits you but does no damage.
You are more poisoned.
You miss something. You barely miss the orc.
You feel very sick. The orc barely misses you. The orc closely misses you.
Something hits you.
* * * LOW HITPOINT WARNING * * *
You are more poisoned.
You hit something but do no damage. You slash the orc!
You kill the orc!
* * * LOW HITPOINT WARNING * * *
You feel very sick. Something hits you but does no damage.
You hear some strange, mumbled words.
A puff of frost appears from out of thin air!
The puff of frost hits you!
You die...

,,,,,,,,,,,,* *,,,,,,,,*
,,,********,*****.......,* ,,,*
*<..,,,,....!..,* ,,,*
**#.#***.......,* ,,,* *..*
*.......,* ,*** *#.#**.......,*
** #..**.......,* *****
#####.##{......,* *,,,*
#.....[@)..r...,*
*,,,****##.####)####≈...,********
,,,,,,,,...........#≈≈,.,,,,,,,,,
*,,,****##.#####†###≈≈≈≈,********
*,,,* *,* #.##*≈≈≈≈,********
*,,,* *,* #..#*∩≈≈≈≈**,,,,,,
*,,,* *,* ##.##*******,,,,,,
***** *,*****#..#*,**,,,,,,,,, *
*,,,,,,##.#*,#*,**,,,,,,


You could see a rat.

Vanquished Creatures
  An orc wizard (D:4)
  A worker ant (D:4)
  A gnoll (D:1)
  3 adders (D:2)
  An ooze (D:1)
  3 worms (D:2)
  3 dart slugs
  3 orcs (D:4)
  3 ball pythons
  2 giant cockroaches (D:4)
  A goblin (D:2)
  7 hobgoblins
  2 jackals (D:2)
  3 bats
  4 frilled lizards
  A jackal skeleton (D:2)
  4 kobolds
  4 rats (D:1)
47 creatures vanquished.

Vanquished Creatures (others)
  A giant cockroach (D:2)
  A quokka (D:2)
2 creatures vanquished.

Grand Total: 49 creatures vanquished

Notes
Turn   | Place    | Note
-------+----------+-------------------------------------------
     0 | D:1      | Marnok the Minotaur Fighter began the quest for the Orb.
     0 | D:1      | Reached XP level 1. HP: 19/19 MP: 0/0
     7 | D:1      | Reached XP level 2. HP: 9/27 MP: 1/1
   551 | D:1      | Reached XP level 3. HP: 32/33 MP: 2/2
   970 | D:2      | Found a radiant altar of Vehumet.
  1059 | D:2      | Reached XP level 4. HP: 41/41 MP: 3/3
  1257 | D:4      | Reached XP level 5. HP: 34/47 MP: 4/4
  1262 | D:4      | Killed from afar by an orc wizard

Skill      XL: |  1  2  3  4 |
---------------+-------------+-----
Armour         | 4 |  4.4
Fighting       | 4 |  4.5
Shields        | 4 |  4.4
Axes           | 3 4 |  4.4
Dodging        | |  0.9

Action                   |  1- 3 |  4- 6 || total
-------------------------+-------+-------++-------
Melee: War axe           |    77 |    28 ||   105
       Headbutt          |    10 |     3 ||    13
  Use: Scroll            |       |     5 ||     5
  Eat: Chunk             |       |     1 ||     1
Armor: Scale mail        |    35 |    21 ||    56
Dodge: Dodged            |    10 |     9 ||    19
Block: Shield            |    47 |    17 ||    64
